 Dungeon Crawl Stone Soup version 0.29.0-11-gd7f09526c8 (console) character file.

Game seed: 13735075899139133706

464 odiv the Magician (level 7, -4/49 HPs)
             Began as a Djinni Warper on Sept 4, 2022.
             Slain by Crazy Yiuf
             ... wielding a +4 quarterstaff of chaos
              (10 damage)
             ... on level 3 of the Dungeon.
             The game lasted 00:17:07 (5745 turns).

odiv the Magician (Djinni Warper)                   Turns: 5745, Time: 00:17:07

Health: -4/49      AC:  6    Str: 16    XL:     7   Next: 29%
Gold:   345        EV: 17    Int: 16    God:
                   SH:  0    Dex: 13

rFire   + + .      SeeInvis .   a - +2 whip (elec)
rCold   x . .      Faith    .   (no shield)
rNeg    . . .      Spirit   .   f - +0 leather armour
rPois   ∞          Reflect  .   (no helmet)
rElec   .          Harm     .   u - +0 cloak
rCorr   .          Rampage  .   n - +1 pair of gloves
Will    .....                   (boots unavailable)
Stlth   +.........              (no amulet)
HPRegen 0.16/turn               q - +6 ring of strength
MPRegen 0.00/turn               (no ring)

@: mighty, agile, flying
A: sickness immunity, fire resistance 2, cold vulnerability 1, float, innate
caster, HP casting, extra vitality 1
a: no special abilities


You were on level 3 of the Dungeon.
You visited 1 branch of the dungeon, and saw 6 of its levels.

You collected 345 gold pieces.

Inventory:

Hand Weapons
 a - a +2 whip of electrocution (weapon)
 b - a +0 sling
 j - a +0 falchion
Missiles
 d - 7 boomerangs of dispersal (quivered)
 v - 29 stones
 y - 3 poisoned darts
Armour
 f - a +0 leather armour (worn)
 n - a +1 pair of gloves (worn)
 r - a +0 buckler
 u - a +0 cloak (worn)
Magical Staves
 k - a staff of conjuration
Jewellery
 q - a +6 ring of strength (left hand)
Wands
 t - a wand of iceblast (3)
Scrolls
 c - a scroll of vulnerability
 g - 2 scrolls of enchant armour
 l - 3 scrolls of enchant weapon {unknown}
 m - 2 scrolls of butterflies {unknown}
 o - a scroll of poison {unknown}
 w - 2 scrolls of teleportation
Potions
 e - a potion of lignification
 h - a potion of might {unknown}
 i - a potion of magic {unknown}
 p - a potion of cancellation
 s - a potion of brilliance {unknown}
 x - 2 potions of mutation {unknown}
 z - a potion of curing {unknown}


   Skills:
 - Level 2.0 Fighting
 - Level 1.7 Long Blades
 - Level 0.7 Throwing
 - Level 1.0 Armour
 - Level 2.1 Dodging
 + Level 3.4 Shields
 + Level 5.2 Spellcasting


You couldn't memorise any spells.
You knew the following spells:

 Your Spells              Type           Power      Damage    Failure   Level
a - Lesser Beckoning      Tloc           21%        N/A       6%          3
b - Blink                 Tloc           42%        N/A       3%          2
c - Gell's Gravitas       Tloc           21%        N/A       6%          3
d - Teleport Other        Tloc           21%        N/A       6%          3
e - Manifold Assault      Tloc           21%        N/A       50%         5
f - Summon Small Mammal   Summ           84%        N/A       1%          1
g - Static Discharge      Conj/Air       21%        3-6/arc   3%          2
h - Passwall              Tmut/Erth      17%        N/A       3%          2
Your spell library was empty.

Dungeon Overview and Level Annotations

Branches:
Dungeon (6/15)
 Temple: D:4-7

Altars:
Elyvilon
Nemelex Xobeh
Qazlal
Wu Jian
Zin

Annotations:
D:3 Crazy Yiuf


Innate Abilities, Weirdness & Mutations

You are immune to sickness and miasma.
You are immune to poison.
Your flesh is very heat resistant. (rF++)
You are vulnerable to cold. (rC-)
You float through the air rather than walking.
You learn spells naturally, not from books.
Your magical power is your life essence.
You have superior vitality. (+4 MHP)


Message History

y - 3 poisoned darts Your +2 whip of electrocution stops crackling.
b - a +0 sling (weapon)
Things that are here:
a book of Spatial Translocations; a +0 long sword
There is a stone staircase leading down here.
v - 29 stones (gained 7)
Found a hammer.
Found a runed translucent door.
You hear the crackle of electricity.
a - a +2 whip of electrocution (weapon)
You reach down and open the door.
You hit Crazy Yiuf.
Crazy Yiuf is lightly wounded.
Crazy Yiuf flaps his cloak.
Crazy Yiuf hits you but does no damage.
You feel very mighty all of a sudden.
Casting: Summon Small Mammal (safe; 1% risk of failure)
Confirm with . or Enter, or press ? or * to list all spells.
Okay, then.
Unknown command.
You closely miss Crazy Yiuf.
Crazy Yiuf is lightly wounded.
Crazy Yiuf drinks a potion.
Crazy Yiuf goes berserk!
Casting: Summon Small Mammal (safe; 1% risk of failure)
Confirm with . or Enter, or press ? or * to list all spells.
Crazy Yiuf is struck by an arc of lightning.
Crazy Yiuf is lightly wounded.
You are struck by an arc of lightning.
The lightning grounds out.
Crazy Yiuf hits you with a +4 quarterstaff of chaos!
You feel agile all of a sudden. Crazy Yiuf misses you.
You whack Crazy Yiuf!
Crazy Yiuf is heavily wounded.
Crazy Yiuf barely misses you.
You hit Crazy Yiuf.
Crazy Yiuf is severely wounded.
Crazy Yiuf hits you with a +4 quarterstaff of chaos!!
* * * LOW HITPOINT WARNING * * *
Crazy Yiuf hits you with a +4 quarterstaff of chaos!
You die...

########.# #.####.#####.##
#........####.####.# #.##
##.######...........#####(##
#..# ###########.......##
#.## #.......). #.#
#.####.... #.###♣♣ ###
#>...#.... #.....♣♣ ♣♣#..)#
#.......#. #......♣♣♣♣@g...#
#...[#.##. ##......♣..♣#...#
##......## ##....♣.♣♣♣ ###
#.......# ###♣♣♣♣♣
##.:..).## #..###.##.
############..#.
#.#.#...........
#...##.#####.##. #.####.#
#.##<


You could see Crazy Yiuf (berserk).

Vanquished Creatures
  A black bear (D:3)
  A hound (D:5)
  Terence (D:2)
  2 iguanas
  2 gnolls (D:3)
  4 adders
  2 dart slugs (D:3)
  6 orcs
  8 endoplasms
  A giant cockroach (D:4)
  5 goblins
  3 hobgoblins
  6 kobolds
  3 quokkas
  5 ball pythons
  2 bats
  3 frilled lizards
  3 rats
58 creatures vanquished.

Vanquished Creatures (collateral kills)
  An ogre (D:3)
  An iguana (D:4)
  3 adders
  3 ball pythons
  2 endoplasms
  A giant cockroach (D:4)
  A quokka (D:3)
12 creatures vanquished.

Grand Total: 70 creatures vanquished

Notes
Turn   | Place    | Note
-------+----------+-------------------------------------------
     0 | D:1      | odiv the Djinni Warper began the quest for the Orb.
     0 | D:1      | odiv set off with the following spells memorised: Blink,
                  | Lesser Beckoning, Gell's Gravitas, Teleport Other, Manifold
                  | Assault.
     0 | D:1      | Reached XP level 1. HP: 18/18 MP: 0/0
   275 | D:1      | Reached XP level 2. HP: 20/23 MP: 0/0
   743 | D:1      | Reached skill level 3 in Spellcasting
  1341 | D:2      | Reached XP level 3. HP: 28/28 MP: 0/0
  1341 | D:2      | Learned a level 1 spell: Summon Small Mammal
  1455 | D:2      | Noticed Terence
  2011 | D:3      | Reached XP level 4. HP: 27/33 MP: 0/0
  2264 | D:4      | Reached skill level 4 in Spellcasting
  2453 | D:4      | You are sucked into a shaft and drop 1 floor!
  2453 | D:5      | Entered Level 5 of the Dungeon
  2473 | D:5      | Reached XP level 5. HP: 32/38 MP: 0/0
  2473 | D:5      | Learned a level 2 spell: Static Discharge
  2512 | D:5      | Found an ornate altar of the Wu Jian Council.
  2716 | D:5      | Found a glowing silver altar of Zin.
  2716 | D:5      | Noticed an ogre
  2939 | D:6      | Noticed a black bear
  3035 | D:6      | Noticed an ogre
  3039 | D:6      | HP: 1/38 [orc/+0 trident (3)]
  3040 | D:6      | Found a white marble altar of Elyvilon.
  3211 | D:6      | Reached skill level 1 in Shields
  3561 | D:6      | Noticed an orc warrior
  3616 | D:6      | Noticed a water moccasin
  4032 | D:4      | Reached XP level 6. HP: 39/43 MP: 0/0
  4209 | D:4      | Found a sparkling altar of Nemelex Xobeh.
  4313 | D:3      | Noticed an ogre
  4359 | D:3      | Noticed a black bear
  4593 | D:2      | Killed Terence
  5099 | D:3      | Killed a black bear
  5100 | D:3      | Reached skill level 5 in Spellcasting
  5346 | D:3      | Reached XP level 7. HP: 47/49 MP: 0/0
  5346 | D:3      | Learned a level 2 spell: Passwall
  5355 | D:3      | Found a stormy altar of Qazlal.
  5735 | D:3      | Found a runed translucent door.
  5736 | D:3      | Noticed Crazy Yiuf
  5745 | D:3      | Slain by Crazy Yiuf

Illustrated notes

Levels and vault maps discovered:
D:1:      saegor_arrival_fortress, layout_loops_corners, amethyst_killhole
D:2:      layout_basic, kennysheep_generic_room_4, uniq_terence
D:3:      layout_loops_ring, grunt_qazlal_clouds, minmay_between,
          uniq_crazy_yiuf_cottage
D:4:      layout_cave_pools, nemelex_spade_bored_becter, nrook_uturn
D:5:      layout_basic, nicolae_wu_jian_wuxing_cycle, serial_shops,
          nicolae_lakefront_shop, minmay_misc_feat_ornament,
          minmay_ruined_shrine, uniq_sigmund
D:6:      layout_loops_ring, amcnicky_altar_gilded, minmay_joined_circles

Skill      XL: |  1  2  3  4  5  6  7 |
---------------+----------------------+-----
Spellcasting   | 3 4 5 |  5.2
Shields        | 1 2 3 |  3.4
Fighting       | |  2.0
Long Blades    | |  1.7
Throwing       | |  0.7
Armour         | |  1.0
Dodging        | |  2.1

Action                   |  1- 3 |  4- 6 |  7- 9 || total
-------------------------+-------+-------+-------++-------
Melee: Falchion          |    17 |       |       ||    17
       Punch             |     2 |     2 |       ||     4
       Whip              |    50 |   141 |    10 ||   201
 Fire: Sling             |    17 |    42 |    15 ||    74
 Cast: Summon Small Mamm |     5 |    51 |     1 ||    57
       Blink             |     1 |     9 |       ||    10
       Static Discharge  |       |       |     1 ||     1
Evoke: Wand              |       |     2 |       ||     2
  Use: Scroll            |     2 |     7 |       ||     9
       Potion            |       |     1 |       ||     1
 Stab: Sleeping          |     1 |     1 |       ||     2
       Distracted        |       |     2 |       ||     2
Armor: Leather armour    |    11 |    75 |     3 ||    89
Dodge: Dodged            |    37 |   150 |     6 ||   193
